 Dungeon Crawl Stone Soup version 0.18-a0-1774-gce1f7b6 (webtiles) character file.

57398 Chiseanne the Blocker (level 14, 14/111 HPs)
             Began as a Demonspawn Monk on Apr 15, 2016.
             Was an Initiate of Gozag.
             Quit the game on level 13 of the Dungeon.
             The game lasted 01:35:32 (28944 turns).

Chiseanne the Blocker (Demonspawn Monk)            Turns: 28944, Time: 01:35:32

Health: 14/111     AC: 24    Str: 20    XL:     14   Next: 45%
Magic:  20/23      EV: 19    Int: 15    God:    Gozag
Gold:   747        SH: 13    Dex: 18    Spells: 2 memorised, 21 levels left

rFire  + . .     SeeInvis .     a - +5 long sword "Mudeovel" {venom, Str+6}
rCold  + + +     Gourm    .     C - +3 ring mail {MR+}
rNeg   . . .     Faith    .     T - +1 buckler {AC+3}
rPois  .         Spirit   .     (helmet restricted)
rElec  .         Dismiss  .     y - +0 cloak
rCorr  .         Reflect  +     (no gloves)
SustAt .         Harm     .     I - +1 pair of boots of Mysticism {rC+++ MR- Int+3 Dex+2}
MR     +....                    N - +4 amulet of reflection
Stlth  +.........               G - ring of protection from fire
                                n - ring of protection from magic

@: vulnerable, somewhat resistant to hostile enchantments, very unstealthy
A: horns 2, rough black scales 2, demonic guardian 1, foul stench 2, rot
immunity
a: Potion Petition, Call Merchant, Bribe Branch, Renounce Religion


You were on level 13 of the Dungeon.
You worshipped Gozag.
Gozag was noncommittal.
You were not hungry.

You visited 3 branches of the dungeon, and saw 16 of its levels.
You also visited: Ice Cave.

You collected 6361 gold pieces.
You spent 3610 gold pieces at shops.
You paid 2004 gold pieces to Gozag.

Inventory:

Hand Weapons
 a - the +5 long sword "Mudeovel" (weapon) {venom, Str+6}
   (You bought it in a shop on level 7 of the Dungeon)

   It poisons the flesh of those it strikes.
   It affects your strength (+6).
 b - a +1 flail of protection
 d - the +4 flail of the Shore {crush, rPois MP+9 Stlth+}
   (You bought it in a shop on level 7 of the Dungeon)

   It inflicts extra damage upon your enemies.
   It protects you from poison.
   It affects your magic capacity (+9).
   It makes you more stealthy.
 m - a +0 broad axe
 w - a +5 blowgun
 P - a +3 war axe of electrocution
Missiles
 c - 44 poisoned needles
 g - 5 bolts of penetration
 j - 54 sling bullets
 s - 5 poisoned tomahawks (quivered)
 v - 85 bolts
 E - 6 steel sling bullets
 F - 3 exploding tomahawks
 J - 5 tomahawks of returning
 L - 5 silver tomahawks
 M - a throwing net
 R - 11 tomahawks
Armour
 y - a +0 cloak (worn)
 C - a +3 ring mail of magic resistance (worn)
 I - the +1 pair of boots of Mysticism (worn) {rC+++ MR- Int+3 Dex+2}
   (You bought it in a shop on level 2 of the Orcish Mines)

   It affects your intelligence (+3).
   It affects your dexterity (+2).
   It renders you almost immune to cold.
   It affects your resistance to hostile enchantments.
 T - a +1 buckler of protection (worn)
Jewellery
 k - an uncursed ring of positive energy
 n - a ring of protection from magic (left hand)
 G - a ring of protection from fire (right hand)
 N - a +4 amulet of reflection (around neck)
Wands
 l - a wand of lightning (10/15)
 t - a wand of digging (0/24)
 O - a wand of slowing (9/48)
Scrolls
 p - a scroll of magic mapping
 u - 5 scrolls of remove curse
 B - 2 scrolls of fog
 K - 7 scrolls of identify
Potions
 f - 3 potions of curing
 i - 2 potions of magic
 o - 2 potions of ambrosia
 r - a potion of brilliance
 x - 2 potions of cancellation
 A - 2 potions of resistance
 V - a potion of lignification
 X - a potion of flight
 Y - 2 potions of cure mutation
Books
 q - a book of Summonings

   Spells                             Type                      Level
   a - Recall                         Summoning/Translocation      3
   b - Aura of Abjuration             Summoning                    5
   c - Summon Demon                   Summoning                    5
   d - Summon Forest                  Summoning/Translocation      5
   e - Summon Mana Viper              Hexes/Summoning              5
   f - Shadow Creatures               Summoning                    6
 z - a book of Hinderance

   Spells                             Type                      Level
   a - Confusing Touch                Hexes                        2
   b - Confuse                        Hexes                        3
   c - Gell's Gravitas                Hexes/Translocation          3
   d - Petrify                        Transmutation/Earth          4
   e - Metabolic Englaciation         Hexes/Ice                    5
   f - Yara's Violent Unravelling     Hexes/Transmutation          5
Comestibles
 h - 9 meat rations
 D - 7 beef jerkies


   Skills:
 - Level 10.3 Fighting
 - Level 3.1 Throwing
 - Level 10.8 Armour
 - Level 11.2 Dodging
 - Level 1.7 Stealth
 + Level 12.6 Shields
 - Level 3.6 Unarmed Combat
 - Level 6.1 Spellcasting
 - Level 6.5 Hexes


You had 21 spell levels left.
You knew the following spells:

 Your Spells              Type           Power        Failure   Level  Hunger
a - Apportation           Tloc           #.........   21%         1    None
b - Confuse               Hex            ###.....     4%          3    ##.....


Dungeon Overview and Level Annotations

Branches:
Dungeon (13/15)            Temple (1/1) D:4            Lair (0/8) D:8
    Orc (2/2) D:10            Elf (0/3) Orc:2        Vaults (0/5) D:13

Altars:
Ashenzari
Cheibriados
Dithmenos
Elyvilon
Fedhas
Gozag
Kikubaaqudgha
Makhleb
Nemelex Xobeh
Okawaru
Pakellas
Qazlal
Ru
Sif Muna
Trog
Vehumet
Xom
Yredelemnul
Zin
The Shining One
Beogh
Jiyva

Shops:
D:7 (:   D:10 !   D:12 %   D:13 =   Orc:2 =?[[


Innate Abilities, Weirdness & Mutations

You have a pair of horns on your head.
You are mostly covered in rough black scales (AC +7, Dex -2).
A weak demonic guardian rushes to your aid.
You frequently emit foul miasma when damaged in melee.
You are immune to rotting.


Message History

Okay, then.
Casting: Apportation
Confirm with . or Enter, or press ? or * to list all spells.
Aiming: Confuse
Press: ? - help, Shift-Dir - straight line, f - manticore
Aim: a manticore (almost dead, chance to defeat MR: 36%)
The manticore appears confused.
The gargoyle hurls a stone arrow at you.
The stone arrow reflects off an invisible shield around you!
The stone arrow hits the gargoyle.
Casting: Confuse
Confirm with . or Enter, or press ? or * to list all spells.
Aiming: Confuse
Press: ? - help, Shift-Dir - straight line, f - phantasmal warrior, p - manticore
Aim: a phantasmal warrior (heavily damaged, chance to defeat MR: 10%)
Okay, then.
Unknown command.
Evoke which item? (* to show all) (? for menu, Esc to quit)
Okay, then.
Are you sure you want to abandon this character and quit the game? (Confirm with "yes".)

###..## #⌠.⌠#
##....###########'########
........##..............(#
.#####..##...............# ##
#####........)).....# ##
##'####.#.####'##### .# ####...#
#.5.# #...##.## .# ##.##...#
#...# #...##..# .#####..##...#
#@..# #...###.##
..##...####).###'''###..#####.###
#.....##.≈≈≈≈≈≈9..W≈≈≈≈≈≈≈.###..#
.....###.≈≈≈≈≈≈≈.[H≈≈≈≈≈≈H.# ##..
....## ##.≈≈≈≈≈≈...≈≈≈≈≈≈.## #..
##..# ##.≈≈≈≈.....≈≈≈≈..# #..
##..# ##......(..(.......# #..
#..# ##.#####..#.#####>.## #..
##.####..# ##...# ###$## ##.


You could see a manticore (confused), a phantasmal warrior, a gargoyle and a
friendly iron imp.

Vanquished Creatures
  4 vault guards (D:13)
  A centaur warrior (D:13)
  A death knight (D:13)
  2 tengu warriors (D:13)
  10 death yaks (D:13)
  5 orc high priests (Orc:2)
  A deep elf knight (D:13)
  7 skeletal warriors
  3 hill giants
  9 orc knights
  Pikel (D:8)
  5 ugly things
  A deep elf mage (D:13)
  A manticore (D:11)
  3 cyclopes
  6 orc sorcerers
  2 gargoyles (D:13)
  2 kobold demonologists (D:12)
  2 freezing wraiths (D:13)
  6 trolls
  A queen bee (D:8)
  3 two-headed ogres
  15 slime creatures
  A shadow (D:13)
  21 yaks
  2 wraiths
  3 hippogriffs
  The ghost of skk the Sneak, an amateur DsAs (D:4)
  3 vampire mosquitoes (D:13)
  5 wargs
  A naga (D:7)
  A soldier ant (shapeshifter) (D:13)
  2 water moccasins (D:13)
  36 orc warriors
  A black bear (D:13)
  4 ice beasts (IceCv)
  3 necrophages
  8 sky beasts
  4 phantoms
  3 eyes of draining (D:6)
  16 ogres
  4 centaurs
  19 big kobolds
  11 giant frogs
  A wyvern zombie (D:8)
  4 scorpions
  16 killer bees
  10 wights
  2 electric eels
  7 crimson imps
  2 giant frog zombies (D:13)
  3 centaur skeletons
  10 hounds
  7 jellies
  42 orc wizards
  2 giant frog skeletons (D:13)
  24 orc priests
  An iguana (D:12)
  10 worker ants
  2 sheep (D:13)
  A hound zombie (D:10)
  A hound skeleton (D:6)
  2 worker ant zombies (D:7)
  13 adders
  5 shadow imps
  12 white imps (D:13)
  2 oozes
  2 adder zombies (D:8)
  2 adder skeletons
  4 worms
  3 dart slugs
  3 giant geckos
  113 orcs
  3 bats
  5 giant cockroaches
  7 goblins
  11 hobgoblins
  2 jackals (D:3)
  4 quokkas
  A ball python (D:4)
  11 giant newts
  A jackal skeleton (D:4)
  21 kobolds
  11 rats
623 creatures vanquished.

Vanquished Creatures (collateral kills)
  A hill giant (D:10)
  An ugly thing (D:12)
  A slime creature (D:13)
  2 yaks (D:11)
  A hippogriff (D:8)
  2 orc warriors
  A necrophage (D:11)
  3 ogres
  2 giant frogs
  2 killer bees (D:8)
  An electric eel (D:9)
  A giant frog zombie (D:10)
  A hound (D:10)
  3 orc priests
  3 orc wizards
  A worker ant (D:8)
  An adder (D:6)
  A giant gecko (D:8)
  14 orcs
  A giant cockroach (D:3)
  A kobold (D:6)
44 creatures vanquished.

Vanquished Creatures (others)
  A yaktaur (D:13)
  5 humans (D:13)
  A slave (D:9)
  2 centaurs
  An orc priest (Orc:2)
  2 orc wizards (Orc:2)
  A sheep (D:13)
  A shadow imp (D:9)
  6 orcs
20 creatures vanquished.

Grand Total: 687 creatures vanquished

Notes
Turn   | Place    | Note
--------------------------------------------------------------
     0 | D:1      | Chiseanne the Demonspawn Monk began the quest for the Orb.
     0 | D:1      | Reached XP level 1. HP: 18/18 MP: 1/1
    81 | D:1      | Gained mutation: A weak demonic guardian rushes to your aid. [demonic ancestry]
    81 | D:1      | Reached XP level 2. HP: 5/24 MP: 2/2
   778 | D:1      | Reached skill level 1 in Armour
   914 | D:2      | Gained mutation: You are partially covered in rough black scales (AC +4, Dex -1). [demonic ancestry]
   914 | D:2      | Reached XP level 3. HP: 29/29 MP: 3/3
  1164 | D:2      | Found a shattered altar of Ashenzari.
  1405 | D:2      | Reached XP level 4. HP: 36/36 MP: 4/4
  1821 | D:3      | Gained mutation: You have a pair of small horns on your head. [demonic ancestry]
  1821 | D:3      | Reached XP level 5. HP: 26/42 MP: 5/5
  2004 | D:3      | Found a glowing golden altar of the Shining One.
  2873 | D:3      | Found a faded altar to an unknown god.
  3042 | D:4      | Noticed skk's ghost (amateur DsAs)
  3051 | D:4      | Killed skk's ghost
  3051 | D:4      | Gained mutation: You are immune to rotting. [demonic ancestry]
  3051 | D:4      | Reached XP level 6. HP: 28/49 MP: 6/6
  3235 | D:4      | Found a glowing golden altar of the Shining One.
  3236 | D:4      | Found a shadowy altar of Dithmenos.
  3390 | D:4      | Found a basalt altar of Yredelemnul.
  3390 | D:4      | Found an ancient bone altar of Kikubaaqudgha.
  3396 | D:4      | Found an opulent altar of Gozag.
  3399 | D:4      | Became a worshipper of Gozag Ym Sagoz the Greedy
  3539 | D:4      | Reached skill level 5 in Fighting
  3545 | D:4      | Found a staircase to the Ecumenical Temple.
  3566 | Temple   | Entered the Ecumenical Temple
  4230 | D:5      | Entered Level 5 of the Dungeon
  4254 | D:5      | Reached XP level 7. HP: 51/56 MP: 7/7
  4297 | D:5      | Reached skill level 5 in Dodging
  5249 | D:6      | Reached XP level 8. HP: 48/64 MP: 8/8
  5356 | D:6      | Found an oddly glowing altar of Pakellas.
  5510 | D:6      | Found a bloodstained altar of Trog.
  5534 | D:6      | Reached skill level 5 in Armour
  6587 | D:7      | Found a blossoming altar of Fedhas.
  6693 | D:7      | Reached XP level 9. HP: 62/72 MP: 9/9
  7225 | D:7      | Found Mugriuce's Book Emporium.
  7398 | D:7      | Bought a warped long sword for 255 gold pieces
  7399 | D:7      | Identified the +5 long sword "Mudeovel" {venom, Str+6} (You bought it in a shop on level 7 of the Dungeon)
  7891 | D:8      | Found a staircase to the Lair.
  8587 | D:8      | Gained mutation: You have a pair of horns on your head. [demonic ancestry]
  8587 | D:8      | Reached XP level 10. HP: 72/82 MP: 10/10
  9230 | D:7      | Bought a brightly glowing flail for 255 gold pieces
  9230 | D:7      | Bought a runed blowgun for 75 gold pieces
  9234 | D:7      | Identified the +4 flail of the Shore {crush, rPois MP+9 Stlth+} (You bought it in a shop on level 7 of the Dungeon)
  9278 | D:9      | Noticed Pikel
  9296 | D:8      | Killed Pikel
 10208 | D:9      | Reached skill level 10 in Fighting
 10891 | D:10     | Entered Level 10 of the Dungeon
 11001 | D:7      | Bought a crystal glaive for 345 gold pieces
 11002 | D:7      | Identified the +4 glaive of Viunilys {antimagic, +Inv} (You bought it in a shop on level 7 of the Dungeon)
 11387 | D:10     | Found a staircase to the Orcish Mines.
 11631 | D:10     | Learned a level 3 spell: Confuse
 11768 | D:10     | Noticed a hill giant
 11787 | D:10     | Killed a hill giant
 11787 | D:10     | Reached skill level 1 in Hexes
 11787 | D:10     | Gained mutation: You are mostly covered in rough black scales (AC +7, Dex -2). [demonic ancestry]
 11787 | D:10     | Reached XP level 11. HP: 76/92 MP: 10/12
 11912 | D:10     | Reached skill level 1 in Spellcasting
 12208 | D:10     | Found Ikhleffol's Distillery.
 12216 | D:10     | Bought a potion of might for 60 gold pieces
 12216 | D:10     | Bought a potion of lignification for 45 gold pieces
 12216 | D:10     | Bought a potion of heal wounds for 75 gold pieces
 12216 | D:10     | Bought a potion of curing for 45 gold pieces
 12216 | D:10     | Bought a potion of curing for 45 gold pieces
 12216 | D:10     | Bought a potion of curing for 45 gold pieces
 12216 | D:10     | Bought a potion of ambrosia for 120 gold pieces
 12216 | D:10     | Bought a potion of curing for 45 gold pieces
 12216 | D:10     | Bought a potion of flight for 45 gold pieces
 12633 | D:11     | Noticed a seven-headed hydra
 12732 | Orc:1    | Entered Level 1 of the Orcish Mines
 13017 | Orc:1    | Noticed an orc knight
 13017 | Orc:1    | Noticed an orc sorcerer
 13340 | D:10     | Killed an orc knight
 13521 | Orc:1    | Killed an orc sorcerer
 13547 | Orc:1    | Found a roughly hewn altar of Beogh.
 13863 | Orc:1    | Noticed an orc knight
 13889 | Orc:1    | Killed an orc knight
 14234 | Orc:2    | Entered Level 2 of the Orcish Mines
 14239 | Orc:2    | Noticed an orc knight
 14277 | Orc:1    | Reached skill level 10 in Dodging
 14637 | Orc:1    | You fall through a shaft!
 14666 | Orc:1    | Killed an orc knight
 15302 | Orc:2    | Found a staircase to the Elven Halls.
 15528 | Orc:2    | Noticed an orc knight
 15733 | Orc:1    | Killed an orc knight
 15887 | Orc:2    | Noticed an orc high priest
 16303 | Orc:2    | Noticed an orc knight
 16330 | Orc:1    | Noticed an orc knight
 16593 | Orc:2    | Reached skill level 10 in Armour
 16691 | Orc:1    | Killed an orc knight
 16691 | Orc:1    | Reached skill level 1 in Throwing
 17116 | Orc:1    | Reached XP level 12. HP: 78/98 MP: 18/18
 17216 | Orc:2    | Killed an orc high priest
 17532 | Orc:2    | Noticed an orc high priest
 17532 | Orc:2    | Noticed an orc high priest
 17792 | Orc:2    | Killed an orc high priest
 17801 | Orc:2    | Killed an orc high priest
 17801 | Orc:2    | Reached skill level 5 in Hexes
 17908 | Orc:2    | Noticed an orc high priest
 17918 | Orc:2    | Killed an orc high priest
 18028 | Orc:2    | Noticed an orc high priest
 18224 | Orc:2    | Reached skill level 5 in Spellcasting
 18326 | Orc:2    | Found a roughly hewn altar of Beogh.
 18339 | Orc:2    | HP: 1/98 [orc sorcerer/bolt of fire (30)]
 18828 | Orc:2    | Found Sassadom's Armour Boutique.
 18828 | Orc:2    | Found Sosuc's Magic Scroll Boutique.
 18828 | Orc:2    | Found Deney's Antique Armour Shoppe.
 18828 | Orc:2    | Found Aleo's Jewellery Shoppe.
 18830 | Orc:2    | Bought a scroll of fog for 24 gold pieces
 18830 | Orc:2    | Bought a scroll of identify for 24 gold pieces
 18830 | Orc:2    | Bought a scroll of remove curse for 36 gold pieces
 18830 | Orc:2    | Bought a scroll of holy word for 90 gold pieces
 18830 | Orc:2    | Bought a scroll of identify for 24 gold pieces
 18830 | Orc:2    | Bought a scroll of fog for 24 gold pieces
 18830 | Orc:2    | Bought a scroll of identify for 24 gold pieces
 18830 | Orc:2    | Bought a scroll of identify for 24 gold pieces
 18840 | Orc:2    | Killed an orc high priest
 18860 | Orc:2    | Bought a glowing buckler for 157 gold pieces
 18862 | Orc:2    | Bought a cursed amulet of inaccuracy for 22 gold pieces
 18862 | Orc:2    | Bought a cursed -5 ring of intelligence for 22 gold pieces
 19102 | Orc:2    | Bought the ring of Larur {rPois MP+9 AC+2 Slay+2} for 325 gold pieces
 19110 | Orc:2    | Bought the +1 pair of boots of Mysticism {rC+++ MR- Int+3 Dex+2} for 924 gold pieces
 19767 | Orc:2    | Bought 3 scrolls of enchant weapon for 270 gold pieces
 20624 | D:11     | Reached skill level 1 in Shields
 20814 | D:11     | Reached skill level 2 in Shields
 20921 | D:11     | Found a viscous altar of Jiyva.
 21031 | D:11     | Reached skill level 3 in Shields
 21090 | D:11     | Gained mutation: You may emit foul miasma when damaged in melee. [demonic ancestry]
 21090 | D:11     | Reached XP level 13. HP: 77/104 MP: 13/22
 21316 | D:11     | Reached skill level 4 in Shields
 21829 | D:11     | Reached skill level 5 in Shields
 22708 | D:12     | Reached skill level 6 in Shields
 23209 | D:12     | Bought 3 fruits for 45 gold pieces
 23209 | D:12     | Bought 4 fruits for 60 gold pieces
 23209 | D:12     | Bought a beef jerky for 15 gold pieces
 23209 | D:12     | Bought a slice of pizza for 15 gold pieces
 23209 | D:12     | Bought a beef jerky for 15 gold pieces
 23209 | D:12     | Bought a slice of pizza for 15 gold pieces
 23273 | D:12     | Reached skill level 7 in Shields
 23936 | D:12     | Reached skill level 8 in Shields
 24349 | D:13     | Found Ymif's Jewellery Emporium.
 24355 | D:13     | Found a frozen archway.
 24405 | IceCv    | Entered an ice cave
 24405 | IceCv    | Noticed Gruesome's ghost (journeyman DsMo)
 24974 | D:13     | Noticed a vault guard
 24974 | D:13     | Noticed a vault guard
 24984 | D:13     | Reached skill level 9 in Shields
 25173 | D:13     | Noticed a vault guard
 25175 | D:13     | Noticed a vault guard
 25198 | D:13     | Killed a vault guard
 25653 | D:13     | Reached skill level 10 in Shields
 26235 | D:13     | Learned a level 1 spell: Apportation
 26538 | D:13     | Gained mutation: You frequently emit foul miasma when damaged in melee. [demonic ancestry]
 26538 | D:13     | Reached XP level 14. HP: 96/111 MP: 23/23
 26577 | D:13     | Reached skill level 11 in Shields
 27494 | D:13     | Reached skill level 12 in Shields
 27696 | D:13     | Found a gate to the Vaults.
 27858 | D:13     | HP: 4/111 [death knight/great mace (18)]
 28930 | D:13     | HP: 5/111 [phantasmal warrior[a death knight] (27)]
 28944 | D:13     | Quit the game

Vault maps used:
D:1:      lightli_arrival_isolated_outpost, hex_intersection
D:2:      evilmike_ruin_ashenzari
D:3:      kennysheep_six_static_rooms, ecumenical_altar_1, first_bread,
          minivault_26, nicolae_tso_carved_into_rock
D:4:      minitemple, gammafunk_temple_overflow_wave, temple_statues
D:6:      marbit_many_paths, trog_eyes_of_draining
D:7:      serial_shops, shop, basic_altar
D:8:      lair_0_dummy, special_room, david_nohive_1
D:9:      water_maze_lemuel, uniq_pikel
D:10:     erik_orc_2, serial_shops, shop_statue, kennysheep_nondescript,
          due_unseen_surprise
D:11:     jiyva_altar_1
D:13:     slaughterhouse, grunt_vaults_entry_fortified,
          portal_ice_cave_entry_imps, serial_shops, shop
Temple:   hc_temple_tempest_star
Orc:1:    cheibrodos_orc_bank, basic_altar
Orc:2:    grunt_orc_tribal_feast, basic_altar
IceCv:    ice_cave_small_dragons

Skill      XL: |  1  2  3  4  5  6  7  8  9 10 11 12 13 14 |
---------------+-------------------------------------------+-----
Dodging        | 3 4 5 6 8 9 10 11 | 11.2
Armour         | 1 2 3 4 6 7 9 10 | 10.8
Fighting       | 4 5 6 7 8 10 | 10.3
Hexes          | 1 4 6 |  6.5
Spellcasting   | 4 6 |  6.1
Throwing       | 2 3 |  3.1
Shields        | 3 10 12 | 12.6
Stealth        | |  1.7
Unarmed Combat | |  3.6

Action                   |  1- 3 |  4- 6 |  7- 9 | 10-12 | 13-15 || total
-------------------------+-------+-------+-------+-------+-------++-------
Melee: Unarmed           |   118 |       |       |       |       ||   118
       Short sword       |    18 |   208 |   210 |       |       ||   436
       Headbutt          |       |    26 |    64 |   234 |   253 ||   577
       Punch             |       |     2 |     6 |    13 |       ||    21
       Dagger            |       |       |    39 |       |       ||    39
       Long sword        |       |       |   127 |   834 |   527 ||  1488
       Flail             |       |       |       |    61 |   143 ||   204
       War axe           |       |       |       |       |    66 ||    66
 Fire: Blowgun           |       |       |       |    98 |    19 ||   117
Throw: Tomahawk          |       |       |       |    11 |     3 ||    14
 Cast: Confuse           |       |       |       |    33 |    33 ||    66
Invok: Call Merchant     |       |       |     1 |       |     1 ||     2
       Potion Petition   |       |       |       |     1 |     1 ||     2
Evoke: Wand              |       |       |     3 |    20 |     2 ||    25
  Use: Scroll            |       |    15 |     4 |    13 |     9 ||    41
       Potion            |       |     1 |       |    11 |     5 ||    17
 Stab: Distracted        |       |     2 |     3 |     7 |     5 ||    17
       Paralysed         |       |       |       |     2 |       ||     2
       Confused          |       |       |       |     8 |     3 ||    11
       Sleeping          |       |       |       |       |     1 ||     1
  Eat: Chunk             |     2 |     6 |       |       |       ||     8
       Pizza             |       |     2 |       |     2 |     2 ||     6
       Royal jelly       |       |     1 |       |     7 |       ||     8
       Fruit             |       |       |     5 |       |    16 ||    21
       Bread ration      |       |       |     2 |     2 |       ||     4
       Meat ration       |       |       |       |     4 |     2 ||     6
       Beef jerky        |       |       |       |     1 |     2 ||     3
Armor: Robe              |    10 |       |       |       |       ||    10
       Scale mail        |    54 |   107 |    58 |       |       ||   219
       Ring mail         |       |       |    97 |   345 |   264 ||   706
Dodge: Dodged            |    82 |    86 |   262 |   872 |   505 ||  1807
Block: Other             |       |     2 |    69 |   169 |       ||   240
       Reflection        |       |       |     2 |    11 |    22 ||    35
       Buckler           |       |       |       |   106 |   493 ||   599
